TOP OF THE 1ST |
---|
Key West Barracudas batting - Pitching for Memphis Blues : LHP Ramón Vázquez | Pitching: LHP Ramón Vázquez | | Batting: SHB Luis Manuel López | 0-0: Ball 1-0: Ball 2-0: Foul Ball, location: 2F 2-1: Bunted foul 2-2: Ball 3-2: SINGLE (Line Drive, 8RS) | Batting: RHB Chris Adams | 0-0: Ball 1-0: Called Strike 1-1: Ball 2-1: Ball 3-1: Foul Ball, location: 2F 3-2: Fly out, F5 (Popup, 56S) | Batting: SHB José Espinoza | 0-0: Ball 1-0: Foul Ball, location: 2F 1-1: Ball 2-1: Called Strike 2-2: Hit by Pitch Luis Manuel López to second | Batting: SHB Héctor Jiménez | 0-0: Called Strike 0-1: Ball 1-1: Ball 2-1: Ball 3-1: Base on Balls Luis Manuel López to third José Espinoza to second | Batting: SHB Júlio Ayala | 0-0: Ball 1-0: Ball 2-0: Ball 3-0: Base on Balls Luis Manuel López scores José Espinoza to third Héctor Jiménez to second | Batting: SHB Jacob Knapp | 0-0: Swinging Strike 0-1: Ball 1-1: Ball 2-1: Ball 3-1: Base on Balls José Espinoza scores Héctor Jiménez to third Júlio Ayala to second | Batting: RHB Anastasio Zartuche | 0-0: Called Strike 0-1: SINGLE (Groundball, 4MD) Héctor Jiménez scores Júlio Ayala to third Jacob Knapp to second | Batting: LHB Mauro Díaz | 0-0: Called Strike 0-1: Ball 1-1: Ball 2-1: Ball 3-1: Base on Balls Júlio Ayala scores Jacob Knapp to third Anastasio Zartuche to second | Batting: LHB Juan Lima | 0-0: Ball 1-0: Called Strike 1-1: Swinging Strike 1-2: Fielders Choice at 2nd, 5-4 (Groundball, 56) Jacob Knapp scores Anastasio Zartuche to third | Batting: SHB Luis Manuel López | 0-0: Swinging Strike 0-1: Foul Ball, location: 2F 0-2: Ground out 4-3 (Groundball, 34D) | Top of the 1st over - 5 runs, 2 hits, 0 errors, 2 left on base; Key West 5 - Memphis 0 | BOTTOM OF THE 1ST |
---|
Memphis Blues batting - Pitching for Key West Barracudas : RHP Kade Coleman | Pitching: RHP Kade Coleman | | Batting: RHB Brandon Townsley | 0-0: Ball 1-0: Ball 2-0: Ground out 5-3 (Groundball, 5) | Batting: RHB Jesús Sánchez | 0-0: Ball 1-0: Ball 2-0: Called Strike 2-1: Swinging Strike 2-2: Foul Ball, location: 2F 2-2: Ball 3-2: Foul Ball, location: 2F 3-2: SINGLE (Line Drive, 34D) | Batting: LHB John Foster | 0-0: Ball 1-0: Ball 2-0: Ground out 5-3 (Groundball, 25) Jesús Sánchez to second | Batting: LHB Weston Chaney | 0-0: SINGLE (Line Drive, 7S) Jesús Sánchez to third Runner from 3rd tries for Home, SAFE, no throw | Batting: RHB Jonny Lord | 0-0: Called Strike 0-1: Foul Ball, location: 2F 0-2: Foul Ball, location: 2F 0-2: Foul Ball, location: 2F 0-2: SINGLE (Groundball, 56D) Weston Chaney to second | Batting: RHB Aaron Grizzle | 0-0: Called Strike 0-1: Foul Ball, location: 2F 0-2: Strikes out swinging | Bottom of the 1st over - 1 run, 3 hits, 0 errors, 2 left on base; Key West 5 - Memphis 1 | TOP OF THE 2ND |
---|
Key West Barracudas batting - Pitching for Memphis Blues : LHP Ramón Vázquez | Batting: RHB Chris Adams | 0-0: Called Strike 0-1: Ball 1-1: Ball 2-1: Ball 3-1: Base on Balls | Batting: SHB José Espinoza | 0-0: Called Strike 0-1: Ball 1-1: Fly out, F3 (Popup, 3F) | Batting: SHB Héctor Jiménez | 0-0: Ball 1-0: Foul Ball, location: 2F 1-1: Foul Ball, location: 2F 1-2: Ball 2-2: SINGLE (Line Drive, 4M) Chris Adams to second | Batting: SHB Júlio Ayala | 0-0: Grounds into double play, 4-6-3 (Groundball, 4) | Top of the 2nd over - 0 runs, 1 hit, 0 errors, 1 left on base; Key West 5 - Memphis 1 | BOTTOM OF THE 2ND |
---|
Memphis Blues batting - Pitching for Key West Barracudas : RHP Kade Coleman | Batting: RHB Artie Green | 0-0: Ball 1-0: Called Strike 1-1: Swinging Strike 1-2: Ball 2-2: Strikes out looking | Batting: RHB Leopoldo Horgan | 0-0: Called Strike 0-1: Ground out 6-3 (Groundball, 6S) | Batting: RHB Larry Crawford | 0-0: Foul Ball, location: 2F 0-1: Ball 1-1: Foul Ball, location: 2F 1-2: Ball 2-2: Strikes out swinging | Bottom of the 2nd over - 0 runs, 0 hits, 0 errors, 0 left on base; Key West 5 - Memphis 1 | TOP OF THE 3RD |
---|
Key West Barracudas batting - Pitching for Memphis Blues : LHP Ramón Vázquez | Batting: SHB Jacob Knapp | 0-0: Foul Ball, location: 2F 0-1: Foul Ball, location: 2F 0-2: Ball 1-2: Strikes out swinging | Batting: RHB Anastasio Zartuche | 0-0: Ball 1-0: Ball 2-0: Ball 3-0: Base on Balls | Batting: LHB Mauro Díaz | 0-0: Called Strike 0-1: Foul Ball, location: 2F 0-2: Ball 1-2: Ball 2-2: Ball 3-2: Foul Ball, location: 2F 3-2: Ground out 4-3 (Groundball, 4) Anastasio Zartuche to second | Batting: LHB Juan Lima | 0-0: Ball 1-0: Called Strike 1-1: DOUBLE (Line Drive, 9LD) Anastasio Zartuche scores | Batting: SHB Luis Manuel López | 0-0: Called Strike 0-1: Swinging Strike 0-2: Ball 1-2: Ball 2-2: Fly out, F8 (Line Drive, 8RD) | Top of the 3rd over - 1 run, 1 hit, 0 errors, 1 left on base; Key West 6 - Memphis 1 | BOTTOM OF THE 3RD |
---|
Memphis Blues batting - Pitching for Key West Barracudas : RHP Kade Coleman | Batting: RHB Brandon Townsley | 0-0: Ball 1-0: Ball 2-0: Fly out, F9 (Line Drive, 89M) | Batting: RHB Jesús Sánchez | 0-0: Called Strike 0-1: Called Strike 0-2: Strikes out looking | Batting: LHB John Foster | 0-0: Ball 1-0: Foul Ball, location: 2F 1-1: Swinging Strike 1-2: Ball 2-2: SOLO HOME RUN (Flyball, 9LD), Distance : 368 ft | Batting: LHB Weston Chaney | 0-0: Ball 1-0: Foul Ball, location: 2F 1-1: Foul Ball, location: 2F 1-2: Ball 2-2: Ball 3-2: Fly out, F7 (Flyball, 78S) | Bottom of the 3rd over - 1 run, 1 hit, 0 errors, 0 left on base; Key West 6 - Memphis 2 | TOP OF THE 4TH |
---|
Key West Barracudas batting - Pitching for Memphis Blues : LHP Ramón Vázquez | Batting: RHB Chris Adams | 0-0: Ball 1-0: Called Strike 1-1: Ball 2-1: Foul Ball, location: 2F 2-2: Ground out 5-3 (Groundball, 56) | Batting: SHB José Espinoza | 0-0: Called Strike 0-1: Called Strike 0-2: Strikes out swinging | Batting: SHB Héctor Jiménez | 0-0: Called Strike 0-1: Ball 1-1: Called Strike 1-2: Ball 2-2: Strikes out swinging | Top of the 4th over - 0 runs, 0 hits, 0 errors, 0 left on base; Key West 6 - Memphis 2 | BOTTOM OF THE 4TH |
---|
Memphis Blues batting - Pitching for Key West Barracudas : RHP Kade Coleman | Batting: RHB Jonny Lord | 0-0: Foul Ball, location: 2F 0-1: Foul Ball, location: 2F 0-2: Strikes out swinging | Batting: RHB Aaron Grizzle | 0-0: Ground out 6-3 (Groundball, 6M) | Batting: RHB Artie Green | 0-0: Swinging Strike 0-1: Foul Ball, location: 2F 0-2: Strikes out looking | Bottom of the 4th over - 0 runs, 0 hits, 0 errors, 0 left on base; Key West 6 - Memphis 2 | TOP OF THE 5TH |
---|
Key West Barracudas batting - Pitching for Memphis Blues : LHP Ramón Vázquez | Batting: SHB Júlio Ayala | 0-0: Ball 1-0: Ball 2-0: Foul Ball, location: 2F 2-1: Ball 3-1: Base on Balls | Batting: SHB Jacob Knapp | 0-0: Ball 1-0: Ball 2-0: Foul Ball, location: 2F 2-1: Ball 3-1: Foul Ball, location: 2F 3-2: Foul Ball, location: 2F 3-2: Foul Ball, location: 2F 3-2: Foul Ball, location: 2F 3-2: Base on Balls Júlio Ayala to second | Batting: RHB Anastasio Zartuche | 0-0: Ball 1-0: Ball 2-0: Ball 3-0: Called Strike 3-1: Ground out 5-3 (Groundball, 56S) Júlio Ayala to third Jacob Knapp to second | Batting: LHB Mauro Díaz | 0-0: Ball 1-0: SINGLE (Groundball, 56D) Júlio Ayala scores Jacob Knapp to third Runner from 3rd tries for Home, SAFE, no throw | Pitching: LHP Fernando Palácios | | Batting: LHB Juan Lima | 0-0: Ball 1-0: Ball 2-0: Called Strike 2-1: Ball 3-1: Called Strike 3-2: Fielders Choice at 2nd, 6-4 (Groundball, 6M) | Batting: SHB Luis Manuel López | 0-0: Foul Ball, location: 2F 0-1: 2-RUN HOME RUN (Flyball, 7LD), Distance : 359 ft | Batting: RHB Chris Adams | 0-0: Swinging Strike 0-1: Ball 1-1: Ball 2-1: Foul Ball, location: 2F 2-2: Strikes out looking | Top of the 5th over - 4 runs, 2 hits, 0 errors, 0 left on base; Key West 10 - Memphis 2 | BOTTOM OF THE 5TH |
---|
Memphis Blues batting - Pitching for Key West Barracudas : RHP Kade Coleman | Batting: RHB Leopoldo Horgan | 0-0: Ball 1-0: Ball 2-0: Ball 3-0: Called Strike 3-1: Called Strike 3-2: Foul Ball, location: 2F 3-2: Fly out, F7 (Flyball, 7) | Batting: RHB Larry Crawford | 0-0: Swinging Strike 0-1: Fly out, F7 (Flyball, 7LM) | Batting: RHB Brandon Townsley | 0-0: Ball 1-0: Ball 2-0: Ball 3-0: Base on Balls | Batting: RHB Jesús Sánchez | 0-0: Called Strike Brandon Townsley is caught stealing 2nd base | Bottom of the 5th over - 0 runs, 0 hits, 0 errors, 0 left on base; Key West 10 - Memphis 2 | TOP OF THE 6TH |
---|
Key West Barracudas batting - Pitching for Memphis Blues : LHP Fernando Palácios | Batting: SHB José Espinoza | 0-0: SINGLE (Groundball, 3D) | Batting: SHB Héctor Jiménez | 0-0: Fielders Choice at 2nd, 3-6 (Groundball, 34) | Batting: SHB Júlio Ayala | 0-0: Ball 1-0: Ground out 5-3 (Groundball, 56S) Héctor Jiménez to second | Batting: SHB Jacob Knapp | 0-0: Ball 1-0: Foul Ball, location: 2F 1-1: Ball 2-1: Ball 3-1: Base on Balls | Batting: RHB Anastasio Zartuche | 0-0: Ball 1-0: SINGLE (Line Drive, 7LS) Héctor Jiménez to third Jacob Knapp to second | Batting: LHB Mauro Díaz | 0-0: Fly out, F8 (Flyball, 78XD) | Top of the 6th over - 0 runs, 2 hits, 0 errors, 3 left on base; Key West 10 - Memphis 2 | BOTTOM OF THE 6TH |
---|
Memphis Blues batting - Pitching for Key West Barracudas : RHP Kade Coleman | Batting: RHB Jesús Sánchez | 0-0: SINGLE (Flyball, 9S) | Batting: LHB John Foster | 0-0: Ball 1-0: Ball 2-0: Swinging Strike 2-1: Ball 3-1: Called Strike 3-2: Foul Ball, location: 2F 3-2: Base on Balls Jesús Sánchez to second | Pitching: RHP Bob Schneider | | Batting: LHB Weston Chaney | 0-0: DOUBLE (Line Drive, 8LXD) Jesús Sánchez scores John Foster to third Runner from 3rd tries for Home, SAFE, no throw | Batting: RHB Jonny Lord | 0-0: Called Strike 0-1: Foul Ball, location: 2F 0-2: Ground out U3 (Groundball, 34) Weston Chaney to third | Batting: RHB Aaron Grizzle | 0-0: Ball 1-0: Ball 2-0: Ball 3-0: Base on Balls | Batting: RHB Artie Green | 0-0: Called Strike 0-1: Called Strike 0-2: Strikes out swinging | Batting: RHB Leopoldo Horgan | 0-0: Ball 1-0: Ball 2-0: Ball 3-0: Base on Balls Aaron Grizzle to second | Batting: RHB Larry Crawford | 0-0: Swinging Strike 0-1: Ball 1-1: Fly out, F8 (Flyball, 89D) | Bottom of the 6th over - 2 runs, 2 hits, 0 errors, 3 left on base; Key West 10 - Memphis 4 | TOP OF THE 7TH |
---|
Key West Barracudas batting - Pitching for Memphis Blues : LHP Fernando Palácios | Batting: LHB Juan Lima | 0-0: Swinging Strike 0-1: SINGLE (Line Drive, 8RS) | Batting: SHB Luis Manuel López | 0-0: Fly out, F9 (Flyball, 89D) | Batting: RHB Chris Adams | 0-0: Ball 1-0: Ball 2-0: Hit by Pitch Juan Lima to second | Batting: SHB José Espinoza | 0-0: Grounds into double play, U3-6 (Groundball, 3L) | Top of the 7th over - 0 runs, 1 hit, 0 errors, 1 left on base; Key West 10 - Memphis 4 | BOTTOM OF THE 7TH |
---|
Memphis Blues batting - Pitching for Key West Barracudas : RHP Bob Schneider | Batting: RHB Brandon Townsley | 0-0: Ball 1-0: Ball 2-0: Foul Ball, location: 2F 2-1: Foul Ball, location: 2F 2-2: Ball 3-2: Base on Balls | Batting: RHB Jesús Sánchez | 0-0: Foul Ball, location: 2F 0-1: Ball Throwing error on steal attempt, E2 Brandon Townsley to third 1-1: Ball 2-1: Ground out 5-3 (Groundball, 56) Brandon Townsley scores | Batting: LHB John Foster | 0-0: Ball 1-0: Hit by Pitch | Batting: LHB Weston Chaney | 0-0: Ball 1-0: Foul Ball, location: 2F 1-1: Ball 2-1: Ball 3-1: Fly out, F7 (Flyball, 7) | Batting: RHB Jonny Lord | 0-0: Ground out 5-3 (Groundball, 56S) | Bottom of the 7th over - 1 run, 0 hits, 1 error, 1 left on base; Key West 10 - Memphis 5 | TOP OF THE 8TH |
---|
Key West Barracudas batting - Pitching for Memphis Blues : LHP Fernando Palácios | Batting: SHB Héctor Jiménez | 0-0: Ball 1-0: Ball 2-0: Swinging Strike 2-1: SINGLE (Line Drive, 78S) | Batting: SHB Júlio Ayala | 0-0: Fly out, F8 (Flyball, 78S) | Batting: SHB Jacob Knapp | 0-0: Ball 1-0: Called Strike 1-1: SINGLE (Line Drive, 34D) Héctor Jiménez to second | Batting: RHB Anastasio Zartuche | 0-0: Ball 1-0: Foul Ball, location: 2F 1-1: Foul Ball, location: 2F 1-2: Ball 2-2: Foul Ball, location: 2F 2-2: SINGLE (Line Drive, 56) Héctor Jiménez to third Jacob Knapp to second | Batting: LHB Mauro Díaz | 0-0: Ball 1-0: Ball 2-0: Called Strike 2-1: Ball 3-1: Base on Balls Héctor Jiménez scores Jacob Knapp to third Anastasio Zartuche to second | Batting: LHB Juan Lima | 0-0: Called Strike 0-1: Ball 1-1: SINGLE (Line Drive, 89S) Jacob Knapp scores Anastasio Zartuche to third Mauro Díaz to second | Batting: SHB Luis Manuel López | 0-0: Foul Ball, location: 2F 0-1: Swinging Strike 0-2: SINGLE (Flyball, 6MD) Anastasio Zartuche scores Mauro Díaz to third Juan Lima to second Runner from 3rd tries for Home, SAFE, no throw | Batting: RHB Chris Adams | 0-0: Ball 1-0: SINGLE (Groundball, 56D) Juan Lima to third Luis Manuel López to second | Batting: SHB José Espinoza | 0-0: Foul Ball, location: 2F 0-1: Called Strike 0-2: Foul Ball, location: 2F 0-2: Ball 1-2: Foul Ball, location: 2F 1-2: Ball 2-2: SINGLE (Line Drive, 7S) Juan Lima scores Luis Manuel López to third Chris Adams to second | Pitching: RHP Scott Willerton | | Batting: SHB Héctor Jiménez | 0-0: Ball 1-0: Swinging Strike 1-1: Ball 2-1: Ball 3-1: Base on Balls Luis Manuel López scores Chris Adams to third José Espinoza to second | Batting: SHB Júlio Ayala | 0-0: Ball 1-0: Ball 2-0: Fly out, F5 (Popup, 5) | Batting: SHB Jacob Knapp | 0-0: SINGLE (Line Drive, 89M) Chris Adams scores José Espinoza to third Héctor Jiménez to second Runner from 3rd tries for Home, SAFE, no throw | Pinch Hitting: RHB Domingo Hernández | 0-0: Swinging Strike 0-1: Ball 1-1: Swinging Strike 1-2: Strikes out swinging | Top of the 8th over - 8 runs, 8 hits, 0 errors, 2 left on base; Key West 18 - Memphis 5 | BOTTOM OF THE 8TH |
---|
Memphis Blues batting - Pitching for Key West Barracudas : RHP Bob Schneider | Now in LF: Jorge Hernández | | Batting: RHB Aaron Grizzle | 0-0: Swinging Strike 0-1: Ball 1-1: Ball 2-1: Called Strike 2-2: Strikes out swinging | Batting: RHB Artie Green | 0-0: Ball 1-0: Foul Ball, location: 2F 1-1: Foul Ball, location: 2F 1-2: SINGLE (Flyball, 89S) | Batting: RHB Leopoldo Horgan | 0-0: Called Strike 0-1: Ball 1-1: Foul Ball, location: 2F 1-2: Foul Ball, location: 2F 1-2: Strikes out swinging | Batting: RHB Larry Crawford | 0-0: Ball Wild Pitch! Artie Green to second 1-0: Ball 2-0: SINGLE (Line Drive, 89S) Artie Green to third Runner from 3rd tries for Home, SAFE, no throw | Batting: RHB Brandon Townsley | 0-0: Ball 1-0: Fielders Choice at 2nd, 6-4 (Groundball, 56) | Bottom of the 8th over - 1 run, 2 hits, 0 errors, 1 left on base; Key West 18 - Memphis 6 | TOP OF THE 9TH |
---|
Key West Barracudas batting - Pitching for Memphis Blues : RHP Scott Willerton | Batting: LHB Mauro Díaz | 0-0: Ball 1-0: Swinging Strike 1-1: Swinging Strike 1-2: Ball 2-2: Ball 3-2: SOLO HOME RUN (Flyball, 7D), Distance : 398 ft | Batting: LHB Juan Lima | 0-0: Ball 1-0: Swinging Strike 1-1: Ball 2-1: Ball 3-1: Called Strike 3-2: Fly out, F4 (Line Drive, 4M) | Pitching: LHP Bill Stephenson | | Batting: SHB Luis Manuel López | 0-0: Called Strike 0-1: Ball 1-1: Foul Ball, location: 2F 1-2: Fly out, F7 (Line Drive, 7S) | Batting: RHB Chris Adams | 0-0: Called Strike 0-1: Ball 1-1: Ball 2-1: Ball 3-1: Fly out, F7 (Line Drive, 7) | Top of the 9th over - 1 run, 1 hit, 0 errors, 0 left on base; Key West 19 - Memphis 6 | BOTTOM OF THE 9TH |
---|
Memphis Blues batting - Pitching for Key West Barracudas : RHP Bob Schneider | Batting: RHB Jesús Sánchez | 0-0: Ball 1-0: Called Strike 1-1: SINGLE (Groundball, 56D) | Pitching: RHP Sean Flynn | | Batting: LHB John Foster | 0-0: Ball 1-0: Ball 2-0: SINGLE (Groundball, 34D) Jesús Sánchez to second | Batting: LHB Weston Chaney | 0-0: Ball 1-0: Ball 2-0: Ball 3-0: Called Strike 3-1: Base on Balls Jesús Sánchez to third John Foster to second | Batting: RHB Jonny Lord | 0-0: Ball 1-0: Ball 2-0: Ball 3-0: Called Strike 3-1: Foul Ball, location: 2F 3-2: Strikes out swinging | Batting: RHB Aaron Grizzle | 0-0: Ball 1-0: Ball 2-0: Grounds into double play, 5-4-3 (Groundball, 56) | Bottom of the 9th over - 0 runs, 2 hits, 0 errors, 2 left on base; Key West 19 - Memphis 6 | |